 Dungeon Crawl Stone Soup version 0.21.1-1-g345015f (webtiles) character file.

60 suicidejoker the Sneak (level 4, -5/30 HPs)
             Began as an Octopode Assassin on Apr 13, 2018.
             Slain by a gnoll
             ... wielding a +0 spear
              (8 damage)
             ... on level 2 of the Dungeon.
             The game lasted 00:01:43 (985 turns).

suicidejoker the Sneak (Octopode Assassin)           Turns: 985, Time: 00:01:44

Health: -5/30      AC:  1    Str: 11    XL:     4   Next: 4%
Magic:  5/5        EV: 13    Int: 13    God:
Gold:   39         SH:  0    Dex: 11    Spells: 5/5 levels left

rFire    . . .     SeeInvis .   a - +2 dagger
rCold    . . .     Gourm    .   (no shield)
rNeg     . . .     Faith    .   (helmet restricted)
rPois    .         Spirit   .   (no amulet)
rElec    .         Reflect  .   n - ring of wizardry (curse)
rCorr    .         Harm     .   (no ring)
MR       .....                  (no ring)
Stlth    ++++......             (no ring)
HPRegen  0.10/turn              (no ring)
MPRegen  0.09/turn              (no ring)
                                (no ring)
                                (no ring)

@: no status effects
A: almost no armour, stealthy swim, amphibious, 8 rings, constrict 8, camouflage
1, blurry vision 1, clumsy 1, screaming 1, gelatinous body 1, evolution 1
a: no special abilities


You were on level 2 of the Dungeon.
You were not hungry.

You visited 1 branch of the dungeon, and saw 2 of its levels.

You collected 39 gold pieces.

Inventory:

Hand Weapons
 a - a +2 dagger (weapon)
 b - a +0 blowgun
Missiles
 c - 14 poisoned needles
 d - 2 curare-tipped needles
 o - 19 bolts
 p - 4 stones (quivered)
Jewellery
 n - a cursed ring of wizardry (left tentacle)
Scrolls
 e - 2 scrolls of identify {unknown}
 g - a scroll of magic mapping {unknown}
 h - a scroll of amnesia {unknown}
 m - a scroll of teleportation {unknown}
Potions
 i - a potion of might
Comestibles
 f - 2 rations


   Skills:
 + Level 2.4 Fighting
 + Level 2.4 Short Blades
 - Level 2.0 Throwing
 + Level 1.6 Dodging
 * Level 6.2 Stealth
 + Level 1.0 Spellcasting


You had 5 spell levels left.
You didn't know any spells.

Dungeon Overview and Level Annotations

Branches:
Dungeon (2/15)

Altars:


Innate Abilities, Weirdness & Mutations

You cannot wear most types of armour.
You are very stealthy in the water. (Stealth+)
You are amphibious.
You can wear up to eight rings at the same time.
You can use your tentacles to constrict eight enemies at once.
Your skin changes colour to match your surroundings (Stealth+).
Your rubbery body absorbs attacks. (AC +1, EV +1)
Scrolls take you a little longer to read.
You are clumsy. (Dex -2)
You occasionally shout uncontrollably at your foes.
You evolve.


Message History

Your Spellcasting skill increases to level 1!
The gnoll hits you with a flail!
A frilled lizard comes into view.
Things that are here:
a flail; a gnoll corpse You barely miss the gnoll.
Your grab misses the gnoll. You squeeze the gnoll!
The gnoll is severely wounded.
The gnoll hits you from afar with a spear.
The gnoll barely misses you.
You hit the gnoll.
You kill the gnoll!
You have reached level 4!
The gnoll hits you from afar with a spear.
The gnoll hits you!
* * * LOW HITPOINT WARNING * * *
Okay, then.
You closely miss the gnoll. Your grab misses the gnoll.
Your squeeze misses the gnoll.
The gnoll hits you from afar with a spear!
You die...

#.## ...# #..#
.l.# #..#
#######g.#
.......)g# #@.#
#..# #..#
.######..#
.........#
..######..#
.#.......#
.........#
...#.###.#######


You could see 2 gnolls and a frilled lizard.

Vanquished Creatures
  2 gnolls (D:2)
  2 adders (D:2)
  A worm (D:2)
  A ball python (D:2)
  2 giant cockroaches
  A goblin (D:2)
  3 hobgoblins (D:2)
  3 kobolds (D:1)
  4 bats
  2 rats (D:1)
21 creatures vanquished.

Notes
Turn   | Place    | Note
-------+----------+-------------------------------------------
     0 | D:1      | suicidejoker the Octopode Assassin began the quest for the Orb.
     0 | D:1      | Reached XP level 1. HP: 14/14 MP: 1/1
   394 | D:1      | Reached XP level 2. HP: 19/19 MP: 2/2
   667 | D:2      | Gained mutation: You are clumsy. (Dex -2) [potion of mutation]
   667 | D:2      | Gained mutation: Scrolls take you a little longer to read. [potion of mutation]
   667 | D:2      | Gained mutation: You evolve. [potion of mutation]
   758 | D:2      | Reached XP level 3. HP: 16/25 MP: 2/4
   761 | D:2      | Found a faded altar of an unknown god.
   821 | D:2      | Gained mutation: You occasionally shout uncontrollably at your foes. [evolution]
   899 | D:2      | Reached skill level 6 in Stealth
   981 | D:2      | Reached skill level 1 in Spellcasting
   984 | D:2      | Reached XP level 4. HP: 17/30 MP: 5/5
   985 | D:2      | Slain by a gnoll

Skill      XL: |  1  2  3 |
---------------+----------+-----
Stealth        | 6 |  6.2
Spellcasting   | 1 |  1.0
Fighting       | |  2.4
Short Blades   | |  2.4
Throwing       | |  2.0
Dodging        | |  1.6

Action                   |  1- 3 |  4- 6 || total
-------------------------+-------+-------++-------
Melee: Dagger            |    35 |     1 ||    36
       Tentacles         |     4 |       ||     4
       Constrict         |     6 |       ||     6
  Use: Potion            |     5 |       ||     5
 Stab: Sleeping          |    10 |       ||    10
       Distracted        |     1 |       ||     1
Armor: Skin              |     3 |       ||     3
Dodge: Dodged            |    19 |       ||    19
